 Dungeon Sprint DCSS version 0.17-a0-1210-g1e4f09d (webtiles) character file.

37066 Kidiri the Imperceptible (level 12, 0/72 HPs)
             Began as a Spriggan Assassin on June 3, 2015.
             Was the Champion of Dithmenos.
             Succumbed to a death drake's dark miasma
             ... in the Dungeon (Sprint III: "The Ten Rune Challenge").
             The game lasted 00:37:27 (5779 turns).

Kidiri the Imperceptible (Spriggan Assassin)        Turns: 5779, Time: 00:37:28

Health: 0/72       AC:  4    Str:  7    XL:     12   Next: 77%
Magic:  10/18      EV: 39    Int: 14    God:    Dithmenos [******]
Gold:   1269       SH:  0    Dex: 21    Spells: 0 memorised, 11 levels left

rFire  . . .     SeeInvis +     a - +2 dagger (venom)
rCold  . . .     Clarity  .     u - +1 robe {rN+}
rNeg   + . .     SustAt   .     (shield restricted)
rPois  .         Gourm    .     (helmet restricted)
rElec  .         Spirit   .     d - +0 cloak
rCorr  .         Warding  .     (gloves unavailable)
rMut   .         NoTele   +     (boots unavailable)
MR     +++..                    (no amulet)
Stlth  ++++++++++               (no ring)
                                (no ring)

@: lethally poisoned (0 -> -16), exhausted, flying, very slightly contaminated,
non-regenerating, diseased, hasted and slowed, wreathed by umbra, very quick,
extremely resistant to hostile enchantments, uncannily stealthy
A: unfitting armour, repulsion field 1, see invisible, herbivore 3, speed 3, low
mp 1, magic resistance 1, slow metabolism 2, subdued magic 1
a: Shadow Step, Shadow Form, Renounce Religion
}: 1/10 runes: barnacled


You were in the Dungeon.
You worshipped Dithmenos.
Dithmenos was exalted by your worship.
You were very full.

You visited 1 branch You collected 1269 gold pieces.

Inventory:

Hand weapons
 a - a +2 dagger of venom (weapon)
 b - a +0 blowgun
 l - a +2 dagger
Missiles
 f - 4 needles of frenzy
 m - 6 tomahawks
 n - 3 poisoned needles
 v - 3 throwing nets (quivered)
 w - 2 needles of sleeping
Armour
 c - a +0 robe
 d - a +0 cloak (worn)
 u - a +1 robe of positive energy (worn)
Scrolls
 o - a scroll of holy word
 p - 4 scrolls of identify
 q - 3 scrolls of remove curse
Potions
 k - 2 potions of magic
 s - a potion of flight
 t - 2 potions of cure mutation
Comestibles
 h - 27 royal jellies
 r - 10 fruits


   Skills:
 * Level 12.5 Fighting
 * Level 15.5 Short Blades
 * Level 15.6 Throwing
 * Level 19.4 Dodging
 * Level 21.1 Stealth
 + Level 9.3 Invocations


You had 11 spell levels left.
You didn't know any spells.

Dungeon Overview and Level Annotations

Branches:
Dungeon (1/1)

Altars:
Cheibriados
Dithmenos
Elyvilon
Fedhas
Gozag
Kikubaaqudgha
Makhleb
Nemelex Xobeh
Okawaru
Qazlal
Ru
Sif Muna
Trog
Vehumet
Xom
Yredelemnul
Zin
The Shining One
Jiyva
Lugonu

Shops:
D (=?%}([


Innate Abilities, Weirdness & Mutations

You are tiny and cannot use many weapons and most armour.
You have supernaturally acute eyesight.
You are a herbivore.
You cover ground extremely quickly.
You need consume almost no food.
You are surrounded by a mild repulsion field (EV +2).
Your magical capacity is low (-10% MP).
You are resistant to hostile enchantments.
Your spells are a little easier to cast, but a little less powerful.


Message History

Drink which item? (? for menu, Esc to quit)
Okay, then.
Eat which item? (? for menu, Esc to quit)
* * * LOW HITPOINT WARNING * * *
You feel sick.
You continue eating.
Your extra speed is starting to run out.
* * * LOW HITPOINT WARNING * * *
You feel sick.
You continue eating.
* * * LOW HITPOINT WARNING * * *
You feel sick.
You finish eating.
That royal jelly was delicious!
Press: ? - help, v - describe, . - travel Some shallow water.
This square is wreathed by an umbra.
There is a cloud of foul pestilence here.
* * * LOW HITPOINT WARNING * * *
You feel sick.
You die...

♣♣.♣ ▓≈≈≈X≈
♣.♣♣ ▓≈≈≈t≈
♣P♣♣ ▓≈≈≈≈≈
♣≈†♣ ▓≈≈≈≈≈
♣♣.♣♣ ▓≈≈≈≈≈
♣♣.♣ ▓≈≈≈≈≈
♣♣.≈♣♣♣♣♣♣.♣
▓≈≈≈≈≈
♣.≈...§§§§.♣
▓≈≈≈≈≈
♣.@..≈§§§≈≈♣
▓≈≈≈≈≈
♣.♣.≈§§§§§.♣
▓≈≈≈..
♣♣♣♣♣♣♣♣∩∩∩♣
▓≈≈..∩ ♣♣♣
▓▓▓▓▓▓


There were no monsters in sight!

Vanquished Creatures
  Rupert (D)
  Dowan (D)
  Maud (D)
  Erolcha (D)
  2 hydras (D)
  3 alligator snapping turtles (D)
  3 death yaks (D)
  A spriggan druid (D)
  3 deep elf summoners (D)
  3 death drakes (D)
  A lindwurm (D)
  A deep elf conjurer (D)
  2 spiny frogs (D)
  2 black mambas (D)
  Duvessa (D)
  A komodo dragon (D)
  2 deep elf priests (D)
  A queen bee (D)
  A fire drake (D)
  7 blink frogs (D)
  2 snapping turtles (D)
  5 redbacks (D)
  A shadow (D)
  2 spriggans (D)
  2 trapdoor spiders (D)
  A spatial vortex (D)
  2 hill giants (D)
  An orc warrior (D)
  A swamp drake (D)
  3 swamp dragon skeletons (D)
  A necrophage (D)
  2 brain worms (D)
  3 wandering mushrooms (D)
  3 two-headed ogres (D)
  A water elemental (D)
  32 killer bees (D)
  A wizard (D)
  3 orc priests (D)
  3 orc wizards (D)
  A jelly (D)
  A necromancer (D)
  A wolf (D)
  3 humans (D)
  A kobold demonologist (D)
  An ooze (D)
  9 orcs (D)
  3 rats (D)
127 creatures vanquished.

Vanquished Creatures (others)
  2 draconian scorchers (D)
  2 yaktaurs (D)
  An electric eel (D)
  2 orc wizards (D)
  A fungus (D)
  4 plants (D)
  9 tentacles (D)
  232 tentacle segments (D)
253 creatures vanquished.

Grand Total: 380 creatures vanquished

Notes
Turn   | Place    | Note
--------------------------------------------------------------
     0 | D        | Kidiri the Spriggan Assassin began the quest for the Orb.
     0 | D        | Reached XP level 1. HP: 10/10 MP: 2/2
     5 | D        | Reached skill level 1 in Short Blades
     5 | D        | Reached skill level 6 in Stealth
    44 | D        | Killed a yaktaur
   221 | D        | Noticed a wolf
   233 | D        | Killed a wolf
   233 | D        | Reached skill level 7 in Stealth
   233 | D        | Reached XP level 2. HP: 16/16 MP: 3/3
   263 | D        | Reached XP level 3. HP: 15/19 MP: 4/4
   321 | D        | Killed a yaktaur
   331 | D        | Killed a white draconian scorcher
   371 | D        | Gained mutation: You occasionally shout uncontrollably at your foes. [potion of mutation]
   371 | D        | Gained mutation: You can spit weak poison. [potion of mutation]
   372 | D        | Lost mutation: You can spit weak poison. [potion of cure mutation]
   372 | D        | Lost mutation: You occasionally shout uncontrollably at your foes. [potion of cure mutation]
   373 | D        | Gained mutation: Your spells are a little easier to cast, but a little less powerful. [potion of mutation]
   373 | D        | Gained mutation: Your magical capacity is low (-10% MP). [potion of mutation]
   374 | D        | Gained mutation: You are resistant to hostile enchantments. [potion of mutation]
   374 | D        | Gained mutation: You are surrounded by a mild repulsion field (EV +2). [potion of mutation]
   407 | D        | Noticed a water elemental
   415 | D        | Killed a water elemental
   415 | D        | Reached skill level 5 in Throwing
   415 | D        | Reached skill level 8 in Stealth
   415 | D        | Reached XP level 4. HP: 24/24 MP: 4/4
   437 | D        | Killed a white draconian scorcher
   535 | D        | Noticed a jelly
   536 | D        | Noticed a shadow
   538 | D        | Killed a shadow
   538 | D        | Reached skill level 5 in Short Blades
   538 | D        | Reached skill level 10 in Stealth
   538 | D        | Reached XP level 5. HP: 27/30 MP: 5/5
   542 | D        | Killed a jelly
   542 | D        | Reached XP level 6. HP: 31/35 MP: 6/6
   578 | D        | Found a stormy altar of Qazlal.
   578 | D        | Found a sacrificial altar of Ru.
   578 | D        | Found a burning altar of Makhleb.
   578 | D        | Found a shimmering altar of Xom.
   579 | D        | Found a viscous altar of Jiyva.
   579 | D        | Found a shadowy altar of Dithmenos.
   579 | D        | Found a sparkling altar of Nemelex Xobeh.
   579 | D        | Found a corrupted altar of Lugonu.
   579 | D        | Found an opulent altar of Gozag.
   579 | D        | Noticed a spatial vortex
   906 | D        | Became a worshipper of Dithmenos the Shadowed
   943 | D        | Killed a spatial vortex
   943 | D        | Reached skill level 5 in Fighting
   943 | D        | Reached skill level 11 in Stealth
   955 | D        | Found a glowing silver altar of Zin.
   955 | D        | Found a glowing golden altar of the Shining One.
   955 | D        | Found a white marble altar of Elyvilon.
   955 | D        | Noticed a deep elf priest
   958 | D        | Killed a deep elf priest
   958 | D        | Reached skill level 10 in Dodging
   958 | D        | Reached skill level 12 in Stealth
   958 | D        | Reached XP level 7. HP: 38/40 MP: 7/7
   973 | D        | Found a basalt altar of Yredelemnul.
   973 | D        | Found a snail-covered altar of Cheibriados.
   973 | D        | Found a blossoming altar of Fedhas.
   973 | D        | Noticed a necrophage
   973 | D        | Noticed a necromancer
   980 | D        | Killed a necrophage
   990 | D        | Killed a necromancer
  1160 | D        | Found an iron altar of Okawaru.
  1160 | D        | Found a bloodstained altar of Trog.
  1160 | D        | Noticed a human
  1161 | D        | Noticed a human
  1188 | D        | Killed a human
  1330 | D        | Killed a human
  1330 | D        | Acquired Dithmenos's first power
  1330 | D        | Reached skill level 1 in Invocations
  1330 | D        | Reached XP level 8. HP: 45/45 MP: 7/9
  1367 | D        | Found a radiant altar of Vehumet.
  1367 | D        | Found a deep blue altar of Sif Muna.
  1367 | D        | Found an ancient bone altar of Kikubaaqudgha.
  1367 | D        | Noticed a wizard
  1369 | D        | Killed a wizard
  1369 | D        | Reached skill level 13 in Stealth
  1403 | D        | Noticed a two-headed ogre
  1403 | D        | Noticed a two-headed ogre
  1407 | D        | Killed a two-headed ogre
  1409 | D        | Killed a two-headed ogre
  1415 | D        | Noticed a two-headed ogre
  1416 | D        | Killed a two-headed ogre
  1416 | D        | Acquired Dithmenos's second power
  1419 | D        | Noticed a hill giant
  1422 | D        | Killed a hill giant
  1429 | D        | Noticed a hill giant
  1429 | D        | Noticed Erolcha
  1431 | D        | Killed Erolcha
  1431 | D        | Reached skill level 10 in Throwing
  1431 | D        | Reached skill level 14 in Stealth
  1431 | D        | Reached XP level 9. HP: 49/51 MP: 9/11
  1432 | D        | Killed a hill giant
  1445 | D        | Noticed a redback
  1447 | D        | Noticed a trapdoor spider
  1450 | D        | Killed a redback
  1450 | D        | Reached skill level 10 in Short Blades
  1514 | D        | Killed a trapdoor spider
  1514 | D        | Acquired Dithmenos's third power
  1680 | D        | Noticed Dowan
  1680 | D        | Noticed Duvessa
  1682 | D        | Killed Dowan
  1682 | D        | Reached skill level 15 in Stealth
  1682 | D        | Reached skill level 5 in Invocations
  1682 | D        | Reached XP level 10. HP: 55/57 MP: 7/13
  1746 | D        | Killed Duvessa
  1746 | D        | Reached skill level 16 in Stealth
  1782 | D        | Noticed a trapdoor spider
  1791 | D        | Killed a trapdoor spider
  1976 | D        | Noticed a wandering mushroom
  1980 | D        | Noticed a wandering mushroom
  1980 | D        | Noticed a wandering mushroom
  2183 | D        | Killed a wandering mushroom
  2191 | D        | Killed a wandering mushroom
  2201 | D        | Killed a wandering mushroom
  2313 | D        | Noticed a spiny frog
  2313 | D        | Noticed a komodo dragon
  2313 | D        | Noticed a spiny frog
  2319 | D        | Killed a komodo dragon
  2325 | D        | Killed a spiny frog
  2333 | D        | Killed a spiny frog
  2333 | D        | Reached skill level 15 in Dodging
  2440 | D        | Noticed a redback
  2442 | D        | Killed a redback
  2443 | D        | Noticed a brain worm
  2446 | D        | Killed a brain worm
  2446 | D        | Acquired Dithmenos's fourth power
  2446 | D        | Reached skill level 17 in Stealth
  2449 | D        | Noticed a brain worm
  2451 | D        | Killed a brain worm
  2459 | D        | Noticed a lindwurm
  2461 | D        | Noticed a redback
  2462 | D        | Killed a lindwurm
  2464 | D        | Killed a redback
  2471 | D        | Noticed a redback
  2472 | D        | Killed a redback
  2473 | D        | Noticed Maud
  2475 | D        | Killed Maud
  2475 | D        | Reached skill level 10 in Fighting
  2475 | D        | Reached XP level 11. HP: 63/63 MP: 15/15
  2478 | D        | Noticed an electric eel
  2507 | D        | Noticed a swamp drake
  2507 | D        | Noticed a fire drake
  2508 | D        | Killed a fire drake
  2555 | D        | Killed a swamp drake
  2733 | D        | Killed an electric eel
  2851 | D        | Noticed a killer bee
  2851 | D        | Noticed a killer bee
  2851 | D        | Noticed a killer bee
  2851 | D        | Noticed a killer bee
  2851 | D        | Noticed a killer bee
  2851 | D        | Noticed a killer bee
  2851 | D        | Noticed a killer bee
  2851 | D        | Noticed a killer bee
  2851 | D        | Noticed a killer bee
  2851 | D        | Noticed a queen bee
  2851 | D        | Noticed a killer bee
  2851 | D        | Noticed a killer bee
  2851 | D        | Noticed a killer bee
  2851 | D        | Noticed a killer bee
  2851 | D        | Noticed a killer bee
  2852 | D        | Noticed a killer bee
  2852 | D        | Noticed a killer bee
  2852 | D        | Noticed a killer bee
  2852 | D        | Noticed a killer bee
  2852 | D        | Noticed a killer bee
  2852 | D        | Noticed a killer bee
  2852 | D        | Noticed a killer bee
  2852 | D        | Noticed a killer bee
  2852 | D        | Noticed a killer bee
  2852 | D        | Noticed a killer bee
  2852 | D        | Noticed a killer bee
  2852 | D        | Noticed a killer bee
  2852 | D        | Noticed a killer bee
  2852 | D        | Noticed a killer bee
  2852 | D        | Noticed a killer bee
  2852 | D        | Noticed a killer bee
  2852 | D        | Noticed a killer bee
  2852 | D        | Noticed a killer bee
  2853 | D        | Killed a killer bee
  2877 | D        | Killed a killer bee
  2882 | D        | Killed a killer bee
  2896 | D        | Killed a killer bee
  2909 | D        | Killed a killer bee
  2929 | D        | Killed a killer bee
  2939 | D        | Killed a killer bee
  2949 | D        | Killed a killer bee
  2978 | D        | Killed a killer bee
  3005 | D        | Killed a killer bee
  3018 | D        | Killed a killer bee
  3018 | D        | Reached skill level 18 in Stealth
  3028 | D        | Killed a killer bee
  3038 | D        | Killed a killer bee
  3086 | D        | Killed a queen bee
  3156 | D        | Killed a killer bee
  3181 | D        | Killed a killer bee
  3196 | D        | Killed a killer bee
  3201 | D        | Killed a killer bee
  3244 | D        | Killed a killer bee
  3276 | D        | Killed a killer bee
  3313 | D        | Killed a killer bee
  3318 | D        | Killed a killer bee
  3337 | D        | Killed a killer bee
  3340 | D        | Killed a killer bee
  3374 | D        | Killed a killer bee
  3443 | D        | Killed a killer bee
  3496 | D        | Killed a killer bee
  3507 | D        | Killed a killer bee
  3824 | D        | Killed a killer bee
  3835 | D        | Killed a killer bee
  4056 | D        | Killed a killer bee
  4099 | D        | Killed a killer bee
  4103 | D        | Killed a killer bee
  4156 | D        | Noticed a four-headed hydra
  4156 | D        | Noticed a seven-headed hydra
  4158 | D        | Killed a seven-headed hydra
  4159 | D        | Killed a four-headed hydra
  4196 | D        | Noticed a death drake
  4199 | D        | Killed a death drake
  4303 | D        | Noticed a kraken
  4306 | D        | Noticed a snapping turtle
  4309 | D        | Noticed a snapping turtle
  4509 | D        | Noticed an alligator snapping turtle
  4509 | D        | Noticed an alligator snapping turtle
  4509 | D        | Noticed a snapping turtle
  4509 | D        | Noticed an alligator snapping turtle
  4509 | D        | Found Aczies's Antique Weapon Boutique.
  4509 | D        | Found Nimufeu's Gadget Shop.
  4509 | D        | Found Deadier's Food Emporium.
  4512 | D        | Killed a snapping turtle
  4514 | D        | Killed an alligator snapping turtle
  4515 | D        | Killed an alligator snapping turtle
  4515 | D        | Reached skill level 19 in Stealth
  4519 | D        | Killed a snapping turtle
  4521 | D        | Got a barnacled rune of Zot
  4533 | D        | Killed an alligator snapping turtle
  4575 | D        | Found a blossoming altar of Fedhas.
  4575 | D        | Noticed a spriggan
  4575 | D        | Noticed a spriggan druid
  4575 | D        | Noticed a spriggan
  4581 | D        | Killed a spriggan druid
  4616 | D        | Killed a spriggan
  4621 | D        | Killed a spriggan
  4813 | D        | Noticed an orc wizard
  4814 | D        | Noticed an orc warrior
  4814 | D        | Noticed an orc priest
  4814 | D        | Noticed an orc wizard
  4814 | D        | Noticed an orc wizard
  4814 | D        | Noticed an orc priest
  4814 | D        | Noticed an orc priest
  4814 | D        | Noticed an orc wizard
  4814 | D        | Noticed an orc wizard
  4814 | D        | Found Mijil's Armour Shoppe.
  4815 | D        | Killed an orc wizard
  4817 | D        | Killed an orc warrior
  4819 | D        | Killed an orc priest
  4841 | D        | Killed an orc wizard
  4846 | D        | Killed an orc wizard
  4851 | D        | Killed an orc wizard
  4854 | D        | Killed an orc wizard
  4859 | D        | Killed an orc priest
  4898 | D        | Killed an orc priest
  5170 | D        | Noticed a deep elf priest
  5170 | D        | Noticed a deep elf summoner
  5170 | D        | Noticed a deep elf conjurer
  5170 | D        | Noticed a deep elf summoner
  5170 | D        | Noticed a deep elf summoner
  5179 | D        | Killed a deep elf conjurer
  5179 | D        | Reached XP level 12. HP: 70/70 MP: 17/17
  5185 | D        | Killed a deep elf summoner
  5199 | D        | Killed a deep elf summoner
  5207 | D        | Killed a deep elf summoner
  5216 | D        | Killed a deep elf priest
  5221 | D        | Noticed a deep elf demonologist
  5376 | D        | Noticed a blink frog
  5376 | D        | Noticed a blink frog
  5377 | D        | Noticed a blink frog
  5377 | D        | Noticed a blink frog
  5377 | D        | Noticed a blink frog
  5378 | D        | Killed a blink frog
  5380 | D        | Killed a blink frog
  5380 | D        | Reached skill level 20 in Stealth
  5382 | D        | Killed a blink frog
  5383 | D        | Killed a blink frog
  5385 | D        | Killed a blink frog
  5490 | D        | Noticed Rupert
  5492 | D        | Killed Rupert
  5492 | D        | Reached skill level 15 in Throwing
  5523 | D        | Noticed a death yak
  5524 | D        | Noticed a death yak
  5525 | D        | Noticed a blink frog
  5528 | D        | Noticed a death yak
  5553 | D        | Noticed a blink frog
  5572 | D        | Killed a death yak
  5572 | D        | Reached skill level 15 in Short Blades
  5584 | D        | Killed a death yak
  5589 | D        | Killed a death yak
  5649 | D        | Killed a blink frog
  5662 | D        | Noticed an azure jelly
  5662 | D        | Noticed a black mamba
  5662 | D        | Noticed an azure jelly
  5688 | D        | Killed a blink frog
  5702 | D        | Noticed a black mamba
  5703 | D        | Killed a black mamba
  5705 | D        | Killed a black mamba
  5734 | D        | Noticed a death drake
  5735 | D        | Noticed a swamp dragon skeleton
  5736 | D        | Killed a death drake
  5736 | D        | Reached skill level 21 in Stealth
  5738 | D        | Noticed a swamp dragon skeleton
  5738 | D        | Noticed a swamp dragon skeleton
  5738 | D        | Noticed a death drake
  5738 | D        | Found Zoch's Antique Weapon Shoppe.
  5738 | D        | Found Plog's Jewellery Boutique.
  5738 | D        | Found Edamel's Magic Scroll Emporium.
  5739 | D        | Killed a swamp dragon skeleton
  5740 | D        | Killed a swamp dragon skeleton
  5752 | D        | Killed a death drake
  5763 | D        | Killed a swamp dragon skeleton
  5776 | D        | HP: 3/72 [poisoned by a death drake (dark miasma)]
  5778 | D        | HP: 1/72 [poisoned by a death drake (dark miasma)]
  5779 | D        | Succumbed to a death drake's dark miasma

Vault maps used:
D:        dungeon_sprint_mu

Action                   |  1- 3 |  4- 6 |  7- 9 | 10-12 || total
-------------------------+-------+-------+-------+-------++-------
Melee: Dagger            |    23 |    31 |    63 |   635 ||   752
 Fire: Blowgun           |     8 |       |    10 |    43 ||    61
Throw: Throwing net      |       |       |       |    43 ||    43
       Tomahawk          |       |       |       |     1 ||     1
Invok: Shadow Step       |       |       |     2 |    15 ||    17
  Use: Potion            |     5 |       |       |     6 ||    11
       Scroll            |       |       |       |     2 ||     2
 Stab: Sleeping          |     2 |     3 |     9 |    37 ||    51
       Distracted        |       |       |     1 |     5 ||     6
       Held in net/web   |       |       |     1 |    24 ||    25
  Eat: Royal jelly       |       |       |       |     3 ||     3
       Bread ration      |       |       |       |     1 ||     1
